| TOP OF THE 1ST |
|
Montgomery Rebels batting - Pitching for Jacksonville Suns : RHP Tim Crews
|
|
Pitching: RHP Tim Crews
|
|
|
Batting: LHB Chris Stropolo
|
0-0: Ball 1-0: Called Strike 1-1: Foul Ball, location: 2F 1-2: Ball 2-2: Ball 3-2: Foul Ball, location: 2F 3-2: DOUBLE (Groundball, 5L, EV 108.8 MPH)
|
|
Batting: RHB Jarrett Sterner
|
0-0: Ball Passed Ball! Chris Stropolo to third 1-0: Ball 2-0: Foul Ball, location: 2F 2-1: Fly out, F9 (Flyball, 9S, EV 95.0 MPH)
|
|
Batting: LHB Dwayne Murphy
|
0-0: Called Strike 0-1: Swinging Strike 0-2: Strikes out swinging
|
|
Batting: LHB Ray Crowley
|
0-0: Called Strike 0-1: Ball 1-1: Foul Ball, location: 2F 1-2: Strikes out swinging
|
| Top of the 1st over - 0 runs, 1 hit, 0 errors, 1 left on base; Montgomery 0 - Jacksonville 0 |
| BOTTOM OF THE 1ST |
|
Jacksonville Suns batting - Pitching for Montgomery Rebels : RHP William Bellomo
|
|
Pitching: RHP William Bellomo
|
|
|
Batting: RHB Lyle Brackenridge
|
0-0: Foul Ball, location: 2F 0-1: Called Strike 0-2: Strikes out swinging
|
|
Batting: SHB Joe Morales
|
0-0: Foul Ball, location: 2F 0-1: Foul Ball, location: 2F 0-2: Ball 1-2: Ball 2-2: Strikes out looking
|
|
Batting: LHB Andy Carlton
|
0-0: Called Strike 0-1: Ball 1-1: SINGLE (Line Drive, 8LS, EV 98.1 MPH)
|
|
Batting: RHB Edward Packard
|
0-0: Called Strike Andy Carlton steals 2nd base 0-1: Ball Wild Pitch! Andy Carlton to third 1-1: Fly out, F7 (Flyball, 7, EV 88.8 MPH)
|
| Bottom of the 1st over - 0 runs, 1 hit, 0 errors, 1 left on base; Montgomery 0 - Jacksonville 0 |
| TOP OF THE 2ND |
|
Montgomery Rebels batting - Pitching for Jacksonville Suns : RHP Tim Crews
|
|
Batting: RHB Roberto Palacios
|
0-0: Ball 1-0: Foul Ball, location: 2F 1-1: Swinging Strike 1-2: Ball 2-2: Ball 3-2: Base on Balls
|
|
Batting: SHB Arthur Fischetti
|
0-0: Foul Ball, location: 2F 0-1: Ball 1-1: Foul Ball, location: 2F 1-2: Ball 2-2: Ball 3-2: Fly out, F8 (Flyball, 8LM, EV 95.0 MPH)
|
|
Batting: SHB Billy Malpas
|
0-0: Called Strike 0-1: Swinging Strike 0-2: Ball 1-2: Fly out, F8 (Line Drive, 8RD, EV 102.5 MPH)
|
|
Batting: SHB Mike Thorpe
|
0-0: Ball Passed Ball! Roberto Palacios to second 1-0: Fly out, F9 (Flyball, 9S, EV 82.5 MPH)
|
| Top of the 2nd over - 0 runs, 0 hits, 0 errors, 1 left on base; Montgomery 0 - Jacksonville 0 |
| BOTTOM OF THE 2ND |
|
Jacksonville Suns batting - Pitching for Montgomery Rebels : RHP William Bellomo
|
|
Batting: LHB Pete M O'Brien
|
0-0: Ball 1-0: Ball 2-0: Called Strike 2-1: Swinging Strike 2-2: SINGLE (Line Drive, 6D, EV 98.1 MPH)
|
|
Batting: LHB Dave Baker
|
0-0: Ball 1-0: Ground out 6-3 (Groundball, P, EV 75.0 MPH) Pete M O'Brien to second
|
|
Batting: LHB Michael Kelly
|
0-0: Called Strike 0-1: Swinging Strike 0-2: Strikes out swinging
|
|
Batting: RHB Mark Nocciolo
|
0-0: Fly out, F6 (Line Drive, 6, EV 61.9 MPH)
|
| Bottom of the 2nd over - 0 runs, 1 hit, 0 errors, 1 left on base; Montgomery 0 - Jacksonville 0 |
| TOP OF THE 3RD |
|
Montgomery Rebels batting - Pitching for Jacksonville Suns : RHP Tim Crews
|
|
Batting: LHB Michael Shinn
|
0-0: Called Strike 0-1: Ball 1-1: Called Strike 1-2: Foul Ball, location: 2F 1-2: Strikes out swinging
|
|
Batting: LHB Chris Stropolo
|
0-0: Swinging Strike 0-1: Ball 1-1: Ball 2-1: Fly out, F8 (Flyball, 78M, EV 93.1 MPH)
|
|
Batting: RHB Jarrett Sterner
|
0-0: SINGLE (Groundball, 6MD, EV 99.4 MPH)
|
|
Batting: LHB Dwayne Murphy
|
0-0: Called Strike 0-1: Swinging Strike 0-2: Ball 1-2: Fly out, F9 (Flyball, 9, EV 83.1 MPH)
|
| Top of the 3rd over - 0 runs, 1 hit, 0 errors, 1 left on base; Montgomery 0 - Jacksonville 0 |
| BOTTOM OF THE 3RD |
|
Jacksonville Suns batting - Pitching for Montgomery Rebels : RHP William Bellomo
|
|
Batting: LHB Donald Seeker
|
0-0: Called Strike 0-1: Foul Ball, location: 2F 0-2: Ball 1-2: Foul Ball, location: 2F 1-2: Fly out, F7 (Line Drive, 7D, EV 90.6 MPH)
|
|
Batting: RHB Lyle Brackenridge
|
0-0: Ball 1-0: Foul Ball, location: 2F 1-1: Foul Ball, location: 2F 1-2: Foul Ball, location: 2F 1-2: Ball 2-2: Ground out 4-3 (Groundball, 4, EV 105.6 MPH)
|
|
Batting: SHB Joe Morales
|
0-0: Foul Ball, location: 2F 0-1: Ground out 6-3 (Groundball, 56, EV 100.6 MPH)
|
| Bottom of the 3rd over - 0 runs, 0 hits, 0 errors, 0 left on base; Montgomery 0 - Jacksonville 0 |
| TOP OF THE 4TH |
|
Montgomery Rebels batting - Pitching for Jacksonville Suns : RHP Tim Crews
|
|
Batting: LHB Ray Crowley
|
0-0: Ball 1-0: Swinging Strike 1-1: Swinging Strike 1-2: Ball 2-2: Strikes out swinging
|
|
Batting: RHB Roberto Palacios
|
0-0: Fly out, F4 (Flyball, 4MD, EV 88.1 MPH)
|
|
Batting: SHB Arthur Fischetti
|
0-0: Called Strike 0-1: Ball 1-1: Ball 2-1: Ball 3-1: Called Strike 3-2: Foul Ball, location: 2F 3-2: Base on Balls
|
|
Batting: SHB Billy Malpas
|
0-0: Called Strike 0-1: Swinging Strike 0-2: Ball 1-2: Ball 2-2: Ball 3-2: Base on Balls Arthur Fischetti to second
|
|
Batting: SHB Mike Thorpe
|
0-0: Called Strike 0-1: Ball 1-1: Swinging Strike 1-2: Ground out 2-3 (Groundball, 15S, EV 68.1 MPH)
|
| Top of the 4th over - 0 runs, 0 hits, 0 errors, 2 left on base; Montgomery 0 - Jacksonville 0 |
| BOTTOM OF THE 4TH |
|
Jacksonville Suns batting - Pitching for Montgomery Rebels : RHP William Bellomo
|
|
Batting: LHB Andy Carlton
|
0-0: Called Strike 0-1: Ground out 6-3 (Groundball, 6S, EV 86.9 MPH)
|
|
Batting: RHB Edward Packard
|
0-0: Ball 1-0: Ball 2-0: Ball 3-0: Called Strike 3-1: Base on Balls
|
|
Batting: LHB Pete M O'Brien
|
0-0: Called Strike 0-1: Swinging Strike 0-2: DOUBLE (Flyball, 78XD, EV 106.3 MPH) Edward Packard to third
|
|
Batting: LHB Dave Baker
|
0-0: Ball 1-0: Foul Ball, location: 2F 1-1: Ball 2-1: Called Strike 2-2: SINGLE (Groundball, 4D, EV 98.1 MPH) Edward Packard scores Pete M O'Brien to third
|
|
Batting: LHB Michael Kelly
|
0-0: Ball 1-0: Ball 2-0: Fly out, F9 (Flyball, 9D, EV 105.6 MPH) Runner from 3rd tags up, SCORES, no throw by RF
|
|
Batting: RHB Mark Nocciolo
|
0-0: TRIPLE (Line Drive, 89XD, EV 110.6 MPH) Dave Baker scores
|
|
Batting: LHB Donald Seeker
|
0-0: Swinging Strike 0-1: Called Strike 0-2: Strikes out swinging
|
| Bottom of the 4th over - 3 runs, 3 hits, 0 errors, 1 left on base; Montgomery 0 - Jacksonville 3 |
| TOP OF THE 5TH |
|
Montgomery Rebels batting - Pitching for Jacksonville Suns : RHP Tim Crews
|
|
Batting: LHB Michael Shinn
|
0-0: Ball 1-0: Called Strike 1-1: Ball 2-1: Foul Ball, location: 2F 2-2: Foul Ball, location: 2F 2-2: Foul Ball, location: 2F 2-2: Foul Ball, location: 2F 2-2: Ground out 4-3 (Groundball, 4S, EV 85.0 MPH)
|
|
Batting: LHB Chris Stropolo
|
0-0: Called Strike 0-1: Ball 1-1: Foul Ball, location: 2F 1-2: Strikes out swinging
|
|
Batting: RHB Jarrett Sterner
|
0-0: Swinging Strike 0-1: Ball 1-1: Ball 2-1: Swinging Strike 2-2: Reached on error, E6 (Groundball, 6, EV 82.5 MPH)
|
|
Batting: LHB Dwayne Murphy
|
0-0: Ball 1-0: Foul Ball, location: 2F 1-1: Reached via error on a dropped throw from 1B, E1 (Groundball, 34, EV 101.9 MPH) Jarrett Sterner to third
|
|
Batting: LHB Ray Crowley
|
0-0: Called Strike 0-1: Foul Ball, location: 2F 0-2: Strikes out swinging
|
| Top of the 5th over - 0 runs, 0 hits, 2 errors, 2 left on base; Montgomery 0 - Jacksonville 3 |
| BOTTOM OF THE 5TH |
|
Jacksonville Suns batting - Pitching for Montgomery Rebels : RHP William Bellomo
|
|
Batting: RHB Lyle Brackenridge
|
0-0: Foul Ball, location: 2F 0-1: Called Strike 0-2: Fly out, F4 (Flyball, 34D, EV 88.8 MPH)
|
|
Batting: SHB Joe Morales
|
0-0: Ball 1-0: Ball 2-0: Ball 3-0: Called Strike 3-1: Swinging Strike 3-2: Foul Ball, location: 2F 3-2: Foul Ball, location: 2F 3-2: Ground out 4-3 (Groundball, 4, EV 94.4 MPH)
|
|
Batting: LHB Andy Carlton
|
0-0: Ball 1-0: Called Strike 1-1: Ball 2-1: SINGLE (Groundball, 34D, EV 108.1 MPH)
|
|
Batting: RHB Edward Packard
|
0-0: Called Strike 0-1: Ball 1-1: Ball 2-1: Ball 3-1: Foul Ball, location: 2F 3-2: Ground out 6-3 (Groundball, 6S, EV 63.1 MPH)
|
| Bottom of the 5th over - 0 runs, 1 hit, 0 errors, 1 left on base; Montgomery 0 - Jacksonville 3 |
| TOP OF THE 6TH |
|
Montgomery Rebels batting - Pitching for Jacksonville Suns : RHP Tim Crews
|
|
Batting: RHB Roberto Palacios
|
0-0: Swinging Strike 0-1: Ball 1-1: Ball 2-1: Foul Ball, location: 2F 2-2: Foul Ball, location: 2F 2-2: Foul Ball, location: 2F 2-2: Ball 3-2: Foul Ball, location: 2F 3-2: Strikes out swinging
|
|
Batting: SHB Arthur Fischetti
|
0-0: Fly out, F9 (Flyball, 89D, EV 98.1 MPH)
|
|
Batting: SHB Billy Malpas
|
0-0: Ball 1-0: Ball 2-0: Ground out 4-3 (Groundball, 4, EV 87.5 MPH)
|
| Top of the 6th over - 0 runs, 0 hits, 0 errors, 0 left on base; Montgomery 0 - Jacksonville 3 |
| BOTTOM OF THE 6TH |
|
Jacksonville Suns batting - Pitching for Montgomery Rebels : RHP William Bellomo
|
|
Batting: LHB Pete M O'Brien
|
0-0: Ball 1-0: Foul Ball, location: 2F 1-1: Foul Ball, location: 2F 1-2: Fly out, F5 (Popup, 5S, EV 80.0 MPH)
|
|
Batting: LHB Dave Baker
|
0-0: Ball 1-0: Swinging Strike 1-1: Ball 2-1: Ground out 6-3 (Groundball, 56, EV 78.8 MPH)
|
|
Batting: LHB Michael Kelly
|
0-0: Called Strike 0-1: SINGLE (Groundball, 34D, EV 103.8 MPH)
|
|
Batting: RHB Mark Nocciolo
|
0-0: Hit by Pitch Michael Kelly to second
|
|
Batting: LHB Donald Seeker
|
0-0: Fielders Choice at 2nd, 5-4 (Groundball, 5, EV 102.5 MPH)
|
| Bottom of the 6th over - 0 runs, 1 hit, 0 errors, 2 left on base; Montgomery 0 - Jacksonville 3 |
| TOP OF THE 7TH |
|
Montgomery Rebels batting - Pitching for Jacksonville Suns : RHP Tim Crews
|
|
Batting: SHB Mike Thorpe
|
0-0: Called Strike 0-1: Ball 1-1: Foul Ball, location: 2F 1-2: Ground out 6-3 (Groundball, 6, EV 92.5 MPH)
|
|
Batting: LHB Michael Shinn
|
0-0: Ball 1-0: Called Strike 1-1: Called Strike 1-2: Strikes out swinging
|
|
Batting: LHB Chris Stropolo
|
0-0: Ball 1-0: Ball 2-0: Ball 3-0: Called Strike 3-1: Base on Balls
|
|
Batting: RHB Jarrett Sterner
|
0-0: Ball 1-0: Called Strike 1-1: Ball 2-1: Ball 3-1: Base on Balls Chris Stropolo to second
|
|
Batting: LHB Dwayne Murphy
|
0-0: Ball 1-0: Swinging Strike 1-1: Ball 2-1: SINGLE (Groundball, 5, EV 96.9 MPH) Chris Stropolo to third Jarrett Sterner to second Runner from 3rd tries for Home, SAFE, throw by LF to home
|
|
Batting: LHB Ray Crowley
|
0-0: Ball 1-0: Foul Ball, location: 2F 1-1: Called Strike 1-2: Ball 2-2: Ground out U3 (Groundball, 3S, EV 81.3 MPH)
|
| Top of the 7th over - 1 run, 1 hit, 0 errors, 2 left on base; Montgomery 1 - Jacksonville 3 |
| BOTTOM OF THE 7TH |
|
Jacksonville Suns batting - Pitching for Montgomery Rebels : RHP William Bellomo
|
|
Batting: RHB Lyle Brackenridge
|
0-0: Ground out U3 (Groundball, 3, EV 98.8 MPH)
|
|
Batting: SHB Joe Morales
|
0-0: Ball 1-0: Called Strike 1-1: Ground out 3-1 (Groundball, 34, EV 89.4 MPH)
|
|
Batting: LHB Andy Carlton
|
0-0: Ball 1-0: Foul Ball, location: 2F 1-1: Ball 2-1: Ground out 6-3 (Groundball, 6, EV 106.9 MPH)
|
| Bottom of the 7th over - 0 runs, 0 hits, 0 errors, 0 left on base; Montgomery 1 - Jacksonville 3 |
| TOP OF THE 8TH |
|
Montgomery Rebels batting - Pitching for Jacksonville Suns : RHP Tim Crews
|
|
Batting: RHB Roberto Palacios
|
0-0: Called Strike 0-1: Ground out 3-1 (Groundball, 34, EV 109.4 MPH)
|
|
Batting: SHB Arthur Fischetti
|
0-0: Ball 1-0: Called Strike 1-1: Ground out 4-3 (Groundball, 4, EV 87.5 MPH)
|
|
Batting: SHB Billy Malpas
|
0-0: Foul Ball, location: 2F 0-1: Ball 1-1: Ball 2-1: Swinging Strike 2-2: Foul Ball, location: 2F 2-2: Ball 3-2: Base on Balls
|
|
Batting: SHB Mike Thorpe
|
0-0: DOUBLE (Flyball, 78D, EV 109.4 MPH) Billy Malpas to third Runner from 3rd tries for Home, SAFE, throw by CF to home
|
|
Batting: LHB Michael Shinn
|
0-0: Ball 1-0: Fly out, F8 (Flyball, 78D, EV 95.6 MPH)
|
| Top of the 8th over - 1 run, 1 hit, 0 errors, 1 left on base; Montgomery 2 - Jacksonville 3 |
| BOTTOM OF THE 8TH |
|
Jacksonville Suns batting - Pitching for Montgomery Rebels : RHP William Bellomo
|
|
Batting: RHB Edward Packard
|
0-0: Ball 1-0: Foul Ball, location: 2F 1-1: Ball 2-1: Foul Ball, location: 2F 2-2: Ball 3-2: Ground out 6-3 (Groundball, 6MS, EV 74.4 MPH)
|
|
Batting: LHB Pete M O'Brien
|
0-0: Ball 1-0: Swinging Strike 1-1: Ball 2-1: Foul Ball, location: 2F 2-2: Fly out, F8 (Flyball, 8RXD, EV 100.0 MPH)
|
|
Batting: LHB Dave Baker
|
0-0: Called Strike 0-1: Foul Ball, location: 2F 0-2: Ball 1-2: Fly out, F8 (Flyball, 8LD, EV 95.6 MPH)
|
| Bottom of the 8th over - 0 runs, 0 hits, 0 errors, 0 left on base; Montgomery 2 - Jacksonville 3 |
| TOP OF THE 9TH |
|
Montgomery Rebels batting - Pitching for Jacksonville Suns : RHP Tim Crews
|
|
Batting: LHB Chris Stropolo
|
0-0: Fly out, F9 (Flyball, 9, EV 89.4 MPH)
|
|
Batting: RHB Jarrett Sterner
|
0-0: Called Strike 0-1: Ball 1-1: Foul Ball, location: 2F 1-2: Ball 2-2: Ground out 4-3 (Groundball, 4, EV 88.8 MPH)
|
|
Batting: LHB Dwayne Murphy
|
0-0: Called Strike 0-1: Ball 1-1: Foul Ball, location: 2F 1-2: Fly out, F5 (Popup, 56S, EV 85.0 MPH)
|
| Top of the 9th over - 0 runs, 0 hits, 0 errors, 0 left on base; Montgomery 2 - Jacksonville 3 |
|